 Dungeon Crawl Stone Soup version 0.27-a0-1188-g73eefd5def (webtiles) character file.

Game seed: 9058645396187294775

1264 leviel the Covered (level 8, -1/71 HPs)
             Began as a Minotaur Fighter on May 20, 2021.
             Slain by Maggie
             ... wielding a +0 morningstar
              (11 damage)
             ... on level 6 of the Dungeon.
             The game lasted 00:04:15 (6212 turns).

leviel the Covered (Minotaur Fighter)               Turns: 6212, Time: 00:04:17

Health: -1/71      AC:  7    Str: 22    XL:     8   Next: 27%
Magic:  7/7        EV:  8    Int:  5    God:
Gold:   246        SH: 10    Dex: 11    Spells: 7/7 levels left

rFire    . . .     SeeInvis .   a - +0 war axe
rCold    . . .     Faith    .   c - +0 kite shield
rNeg     . . .     Spirit   .   b - +0 scale mail
rPois    .         Reflect  .   (helmet restricted)
rElec    .         Harm     .   (no cloak)
rCorr    .         Rampage  .   (no gloves)
Will     .....                  (no boots)
Stlth    ..........             (no amulet)
HPRegen  0.21/turn              (no ring)
MPRegen  0.10/turn              (no ring)

@: mighty
A: horns 2, retaliatory headbutt
a: no special abilities


You were on level 6 of the Dungeon.
You visited 1 branch of the dungeon, and saw 6 of its levels.

You collected 246 gold pieces.

Inventory:

Hand Weapons
 a - a +0 war axe (weapon)
Armour
 b - a +0 scale mail (worn)
 c - a +0 kite shield (worn)
Jewellery
 g - a ring of positive energy
 v - an amulet of guardian spirit
Wands
 r - a wand of polymorph (8)
 w - a wand of charming (12)
Scrolls
 f - 6 scrolls of identify {unknown}
 h - 2 scrolls of enchant weapon {unknown}
 k - a scroll of torment {unknown}
 m - a scroll of teleportation {unknown}
 n - a scroll of amnesia {unknown}
 o - a scroll of immolation {unknown}
 p - 2 scrolls of blinking {unknown}
 u - a scroll of noise {unknown}
Potions
 e - a potion of attraction {unknown}
 i - a potion of heal wounds
 j - 2 potions of flight {unknown}
 l - 3 potions of invisibility {unknown}
 q - a potion of brilliance {unknown}
 s - a potion of mutation {unknown}
 t - 2 potions of curing {unknown}


   Skills:
 + Level 6.4 Fighting
 + Level 4.5 Long Blades
 + Level 5.9 Axes
 + Level 6.8 Armour
 - Level 0.6 Dodging
 + Level 6.3 Shields


You had 7 spell levels left.
You didn't know any spells.
Your spell library contained the following spells:

 Spells                   Type           Power      Damage    Failure   Level
 Foxfire                  Conj/Fire      0%         2x1d4     98%         1
 Conjure Flame            Conj/Fire      0%         6-21      100%        3
 Inner Flame              Hex/Fire       0%         N/A       100%        3
 Sticky Flame             Conj/Fire      0%         2d3       100%        4
 Fireball                 Conj/Fire      0%         3d3       100%        5


Dungeon Overview and Level Annotations

Branches:
Dungeon (6/15)             Temple (0/1) D:6

Altars:
Uskayaw

Shops:
D:2 (

Annotations:
D:4 1 runed translucent door, Crazy Yiuf
D:5 1 runed translucent door, Likado's ghost, novice DjIE
D:6 Maggie


Innate Abilities, Weirdness & Mutations

You have a pair of horns on your head.
You reflexively headbutt those who attack you in melee.


Message History

A gnoll comes into view. It is wielding a +0 spear.
The gnoll hits you but does no damage.
You completely miss Maggie. You headbutt Maggie.
Maggie is lightly wounded.
Maggie barely misses you. You block the gnoll's attack.
You hit Maggie. You headbutt Maggie!
Maggie is moderately wounded.
Maggie mumbles some strange words.
Maggie attempts to bespell you!
You are mesmerised by Maggie!
You block the gnoll's attack. Maggie closely misses you.
The gnoll hits you but does no damage.
A gnoll comes into view. It is wielding a +0 club.
The gnoll shouts!
You feel very mighty all of a sudden. You block Maggie's attack.
The gnoll hits you but does no damage.
You hit Maggie.
Maggie is moderately wounded.
You block Maggie's attack. You block the gnoll's attack.
You hit Maggie but do no damage. You headbutt Maggie!
Maggie is heavily wounded.
Maggie drinks a potion.
Maggie is healed!
The gnoll hits you but does no damage. You block Maggie's attack.
You hit Maggie but do no damage.
Maggie is moderately wounded.
The gnoll hits you but does no damage. Maggie gestures at you while chanting.
The bolt of fire hits you!!
* * * LOW HITPOINT WARNING * * *
You closely miss Maggie.
Maggie is moderately wounded.
Maggie closely misses you.
You slash Maggie!
Maggie is heavily wounded.
You slash the gnoll!
You break out of your daze.
Maggie hits you with a +0 morningstar!
* * * LOW HITPOINT WARNING * * *
You block the gnoll's attack. Maggie hits you with a +0 morningstar!
You die...

#<##.# #.##.# ####
#.##.#### ..#. #....<..#
... ####.##.# #.. #.##.#
##g###### #.##.#
...#..g#...####>##.#
.⌠...>.@.⌠...##.##.#####
...#..@#...#....##......
##.###.#####.########
#.. #...# #.######## #.
#.⌠.# #......... #.
#...# ########## # #####


You could see Maggie and 2 gnolls.

Vanquished Creatures
  Sigmund (D:4)
  Menkaure (D:4)
  2 black bears
  A centaur (D:6)
  2 water moccasin zombies (D:5)
  2 scorpions (D:5)
  A water moccasin skeleton (D:5)
  A bullfrog zombie (D:6)
  4 hounds
  Jessica (D:2)
  Natasha (twice) (D:2)
  An iguana (D:6)
  A hound skeleton (D:5)
  4 gnolls (D:2)
  7 adders
  2 ufetubi (D:5)
  An adder skeleton (D:4)
  A worm (D:3)
  3 dart slugs
  An orc (D:5)
  4 endoplasms
  3 giant cockroaches (D:2)
  3 goblins
  2 hobgoblins
  16 jackals
  6 quokkas
  4 ball pythons
  4 bats
  2 frilled lizards
  4 kobolds
  3 rats
90 creatures vanquished.

Notes
Turn   | Place    | Note
-------+----------+-------------------------------------------
     0 | D:1      | leviel the Minotaur Fighter began the quest for the Orb.
     0 | D:1      | Reached XP level 1. HP: 19/19 MP: 0/0
   228 | D:1      | You fall into a shaft and drop 1 floor!
   236 | D:2      | Reached XP level 2. HP: 14/27 MP: 1/1
   530 | D:2      | Reached XP level 3. HP: 27/33 MP: 2/2
  1000 | D:2      | Noticed Natasha
  1013 | D:2      | Killed Natasha
  1014 | D:2      | Reached XP level 4. HP: 18/40 MP: 3/3
  1300 | D:2      | Found Zytruudda's Antique Weapon Emporium.
  1654 | D:2      | Noticed Natasha
  1659 | D:2      | Killed Natasha
  1660 | D:2      | Reached skill level 5 in Armour
  1660 | D:2      | Reached XP level 5. HP: 43/47 MP: 4/4
  1788 | D:2      | Noticed Jessica
  1795 | D:2      | Killed Jessica
  1796 | D:2      | Reached skill level 1 in Long Blades
  2279 | D:3      | Found a faded altar of an unknown god.
  2618 | D:3      | Found a hide-covered altar of Uskayaw.
  3025 | D:4      | Found a runed translucent door.
  3026 | D:4      | Noticed Crazy Yiuf
  3168 | D:4      | Noticed Sigmund
  3215 | D:4      | Killed Sigmund
  3216 | D:4      | Reached skill level 5 in Fighting
  3216 | D:4      | Reached XP level 6. HP: 49/56 MP: 5/5
  3307 | D:4      | Reached skill level 5 in Shields
  3587 | D:4      | Noticed Menkaure
  3595 | D:4      | Killed Menkaure
  3596 | D:4      | Reached XP level 7. HP: 17/61 MP: 6/6
  4008 | D:5      | Entered Level 5 of the Dungeon
  4511 | D:5      | Reached skill level 5 in Axes
  4724 | D:5      | Found a runed translucent door.
  4724 | D:5      | Noticed Likado's ghost (novice DjIE)
  5746 | D:6      | Reached XP level 8. HP: 70/70 MP: 7/7
  6196 | D:6      | Found a staircase to the Ecumenical Temple.
  6200 | D:6      | Noticed Maggie
  6212 | D:6      | Slain by Maggie

Illustrated notes

Levels and vault maps discovered:
D:1:      heliophobic_arrival_henge, layout_basic
D:2:      layout_loops_corners, serial_shops, shop, minmay_heptomino_w4,
          uniq_jessica, uniq_natasha
D:3:      layout_basic, overflow_temple_1_default, basic_ecumenical_altar,
          minmay_surrounded
D:4:      layout_loops_ring, uniq_crazy_yiuf_cottage, uniq_menkaure,
          uniq_sigmund
D:5:      layout_layer_cave, hellmonk_ghost_happy_afterlife
D:6:      cheibrodos_iron_armory, layout_loops_ring,
          minmay_temple_entry_nine_rooms, minmay_misc_feat_plants, uniq_maggie,
          uniq_duvessa

Skill      XL: |  1  2  3  4  5  6  7  8 |
---------------+-------------------------+-----
Armour         | 4 5 6 |  6.8
Fighting       | 4 5 6 |  6.4
Axes           | 3 4 5 |  5.9
Shields        | 4 5 6 |  6.3
Long Blades    | 2 3 4 |  4.5
Dodging        | |  0.6

Action                   |  1- 3 |  4- 6 |  7- 9 || total
-------------------------+-------+-------+-------++-------
Melee: War axe           |    45 |   118 |    73 ||   236
       Headbutt          |     5 |    12 |    18 ||    35
  Use: Potion            |       |     1 |     1 ||     2
Armor: Scale mail        |    25 |    50 |    43 ||   118
Dodge: Dodged            |    14 |    45 |    36 ||    95
Block: Kite shield       |    26 |    63 |    55 ||   144

Table legend: (Time is in decaauts)
 A = Elapsed time spent in this place.
 B = Non-inter-level travel time spent in this place.
 C = Inter-level travel time spent in this place.
 D = Time resting spent in this place.
 E = Time spent auto-exploring this place.
 F = Levels seen in this place.
 G = Mean time per level.
                   A        B        C        D        E       F      G
               +--------+--------+--------+--------+--------+-----+--------+
         Total |   6330 |   6218 |    112 |    602 |   5017 |   6 | 1055.0 |
       Dungeon |   6330 |   6218 |    112 |    602 |   5017 |   6 | 1055.0 |
               +--------+--------+--------+--------+--------+-----+--------+

Top non-repeatable levels by time:
     D:2: 2079 daAuts
     D:4: 1508 daAuts
     D:5: 1402 daAuts
     D:3: 627 daAuts
     D:6: 478 daAuts
     D:1: 234 daAuts
